Arrhythmia, chaotic female vampiric Convict ------------- $ |............########## $ |...........| # $ |...).....>.| ### ------ ------------- # ------ |...%| $ ##-....| |...@| $ # |..<.|# |..ke| $ * ### |.....# |.h.%| # #.....| |..@.-##)############################# #-+--.- $ $ $ ------ # ## $ * $ * $ ) $ $ * $ Arrhythmia the Jail-bird Experience level: 7 Strength: 16 Dexterity: 12 Constitution: 17 Intelligence: 7 Wisdom: 9 Charisma: 10 Health: 0(48) Energy: 44(44) AC: 5 Gold: 0 Moves: 2104 Your Inventory: Weapons l - an [uncursed +0] crossbow [of detonation] Armor b - a cursed +0 striped shirt (being worn) d - an [uncursed] +1 iron skull cap [orcish helm] (being worn) k - an [uncursed] +0 pair of hard shoes [iron] (being worn) n - an [uncursed] +1 hooded cloak [dwarvish] (being worn) Scrolls e - an [uncursed] scroll labeled VENZAR BORGAVVE [of scare monster] h - an [uncursed] scroll labeled HACKEM MUCHE [of enchant weapon] q - an [uncursed] scroll labeled AQUE BRAGH [of light] t - a [cursed] scroll labeled AQUE BRAGH [of light] u - an [uncursed] scroll labeled LOREN IPSUM [of enchant armor] Spellbooks j - an [uncursed] spellbook of stone to flesh Potions z - an [uncursed] potion of sickness F - an [uncursed] potion of confusion I - an [uncursed] clear potion [of water] K - a [cursed] potion called dick juice [of see invisible] Wands f - an [uncursed] wand of create monster [0:1] g - an [uncursed] wand of striking [0:5] Tools i - an [uncursed] lock pick m - an [uncursed tallow] candle Iron balls c - an [uncursed] heavy iron ball (chained to you) Spells known in the end: Name Level Category Fail Memory a - stone to flesh 3 healing 100% [||||||||] Your skills at the end: Fighting Skills Weapon Skills sling [Basic / Skilled] Spellcasting Skills Final Attributes: You were piously aligned. Hunger level was 519. Your alignment was 20 / 20. Monster difficulty range was 0 - 6. Level difficulty was 5. You were immune to poison. You were immune to level-drain. You were immune to sickness. You were punished. You saw invisible. You could fly. You could survive without air. You regenerated. Your luck was zero. You are dead. Vanquished creatures: a giant beetle a leprechaun a water nymph a gnome lord a little dog 3 dwarves 2 kobold shamans a hill orc a rothe a wererat an acid blob a large kobold 2 cave spiders a green mold a red mold 6 gnomes 5 geckos 2 jackals a fox 2 goblins a sewer rat 3 grid bugs 2 lichens 3 kobold zombies 5 newts 49 creatures vanquished. Voluntary challenges: You went without food. You used a wielded weapon 9 times. You read items or engraved 10 times. You put on armor 6 times. You never genocided any monsters. You never polymorphed an object. You never changed form. You used no wishes. You wrote Elbereth's name 6 times. You never encountered a bones level. You never used any Sokoban shortcuts. Dungeon overview: The Dungeons of Doom: levels 1 to 5 Level 1 a long staircase Level 2 a fountain stairs to The Gnomish Mines Level 3 some fountains Level 5 <- You were here a potion shop The Gnomish Mines: Level 3 stairs to The Dungeons of Doom History has recorded: On T:1 you entered the Dungeons of Doom to retrieve the Amulet of Yendor! On T:48 you reached level 2 of The Dungeons of Doom. On T:193 you advanced to experience level 2. On T:707 you advanced to experience level 3. On T:871 you reached level 1 of The Gnomish Mines. On T:883 you advanced to experience level 4. On T:954 you advanced to experience level 5. On T:1123 you reached level 3 of The Dungeons of Doom. On T:1402 you reached level 4 of The Dungeons of Doom. On T:1603 you advanced to experience level 6. On T:1750 you reached level 5 of The Dungeons of Doom. On T:2001 you advanced to experience level 7. Latest messages: [HP-6=16] [HP+1=17] The kobold lord hits! [HP-7=10] [HP+1=11] The kobold lord hits! [HP-5=6] [HP+1=7] The kobold lord hits! [HP-1=6] [HP+1=7] The kobold lord hits! [HP-2=5] [HP+1=6] The kobold lord hits! [HP-2=4] [HP+1=5] The kobold lord hits! [HP-2=3] [HP+1=4] The kobold lord hits! You die... Walbrzych comes and takes all your possessions. Final status: Goodbye Arrhythmia the Convict... You died in The Dungeons of Doom on dungeon level 5 with 2068 points, and 0 pieces of gold, after 2104 moves. You were level 7 with a maximum of 48 hit points when you died.